Map: Torches LE

Players

Creator

  • Race: Protoss Protoss
  • Spawn Location: 1:00

ByuN - Winner!

  • Race: Terran Terran
  • Spawn Location: 5:00

VOD

Have the link to the VOD?

Description

Time

  • Played on: Aug. 24, 2025, 6:42 a.m.
  • Length: 24:18
Show
View Real Time Build Order
Export as new Build Order

Creator Protoss 

Build Orders: Blink Stalkers 

Get SALT Encoding   

  12  0:00  Probe  
  13  0:12  Probe  
  14  0:17  Pylon  
  14  0:24  Probe  
  15  0:32  Probe  
  15  0:36  Gateway  
  15  0:40  Probe  
  16  0:45  Assimilator  
  17  0:51  Probe  
  18  1:03  Probe  
  19  1:15  Probe  
  20  1:19  Zealot  
  20  1:24  Cybernetics Core  
  22  1:40  Probe, Pylon  
  23  1:50  Stalker  
  23  1:55  Nexus  
  25  2:04  Probe  
  25  2:14  Stalker  
  25  2:16  Probe  
  25  2:19  Assimilator  
  28  2:29  Probe  
  29  2:32  Pylon  
  29  2:33  Warp Gate  
  29  2:41  Probe  
  29  2:44  Adept  
  31  2:53  Probe  
  32  3:03  Twilight Council  
  32  3:05  Probe  
  33  3:08  Probe  
  33  3:11  Stalker  
  34  3:18  Probe  
  37  3:20  Probe, Blink  
  37  3:26  Probe  
  38  3:28  Probe  
  38  3:34  Probe  
  40  3:39  Probe, Gateway  
  41  3:45  Probe  
  43  3:51  Probe  
  43  3:55  Gateway  
  44  3:58  Probe  
  45  4:03  Robotics Facility  
  45  4:04  Probe  
  46  4:10  Probe  
  46  4:12  Pylon  
  46  4:16  Probe  
  48  4:20  Stalker  
  48  4:23  Probe  
  51  4:28  Probe  
  52  4:35  Probe, Assimilator  
  53  4:43  Probe  
  53  4:44  Nexus  
  53  4:45  Pylon  
  54  4:49  Stalker  
  54  4:50  Observer  
  54  4:52  Probe  
  57  4:55  Stalker  
  59  5:00  Probe  
  59  5:05  Probe  
  61  5:09  Robotics Bay  
  61  5:15  Observer  
  61  5:16  Probe  
  61  5:17  Probe  
  61  5:20  Pylon  
  64  5:28  Sentry, Probe  
  67  5:29  Probe  
  67  5:31  Gateway  
  67  5:33  Pylon  
  67  5:34  Gateway  
  68  5:39  Warp Prism  
  68  5:40  Probe, Charge  
  69  5:43  Probe  
  70  5:52  Probe  
  70  5:56  Probe  
  74  5:59  Zealot x2, Pylon  
  74  6:00  Zealot  
  80  6:08  Colossus  
  84  6:22  Probe x2  
  84  6:23  Probe  
  85  6:26  Stalker x2  
  85  6:30  Probe  
  85  6:31  Probe x2, Stalker  
  88  6:38  Probe  
  88  6:39  Probe x2  
  89  6:51  Probe  
  89  6:52  Probe x2  
  89  6:53  Colossus  
  92  6:54  Forge  
  92  7:04  Probe x3  
  101  7:16  Probe x3, Gateway x2  
  101  7:20  Extended Thermal Lance  
  101  7:22  Zealot x2  
  108  7:24  Shield Battery  
  108  7:31  Pylon  
  108  7:37  Pylon  
  105  7:46  Zealot x3  
  105  7:47  Zealot  
  93  7:51  Stalker  
  93  7:57  Colossus  
  85  8:00  Protoss Ground Weapons Level 1  
  85  8:02  Probe  
  85  8:03  Probe x2  
  86  8:15  Probe x3  
  87  8:31  Probe x2  
  87  8:34  Probe, Nexus  
  87  8:38  Pylon  
  87  8:39  Sentry  
  87  8:40  Probe x2  
  92  8:46  Probe  
  92  8:47  Zealot  
  97  8:51  Probe  
  97  8:52  Probe  
  97  8:53  Sentry  
  101  8:58  Probe, Observer  
  101  9:01  Gateway  
  102  9:03  Forge  
  102  9:04  Probe  
  102  9:06  Zealot  
  102  9:07  Zealot  
  102  9:09  Probe  
  108  9:12  Assimilator  
  108  9:13  Stalker  
  108  9:14  Probe  
  108  9:16  Protoss Ground Armor Level 1  
  111  9:17  Observer  
  111  9:20  Probe  
  111  9:21  Probe  
  111  9:23  Zealot  
  111  9:24  Zealot  
  118  9:26  Probe  
  119  9:32  Zealot x3  
  119  9:35  Pylon  
  125  9:39  Protoss Ground Weapons Level 2, Pylon  
  126  9:45  Probe  
  126  9:49  Zealot x3  
  132  9:55  Probe x2  
  132  9:57  Probe  
  135  10:03  Zealot x2, Stalker  
  141  10:07  Immortal  
  143  10:18  Templar Archives  
  143  10:20  Gateway  
  143  10:21  Gateway  
  143  10:22  Zealot x2  
  143  10:23  Zealot  
  149  10:34  Psionic Storm  
  149  10:35  Nexus  
  149  10:37  Pylon  
  149  10:39  Probe x4  
  153  10:53  Photon Cannon  
  153  10:54  Shield Battery  
  153  10:55  High Templar x2  
  153  10:56  High Templar  
  159  11:00  Assimilator  
  159  11:03  Assimilator, Protoss Ground Armor Level 2  
  159  11:04  Photon Cannon  
  159  11:06  Stalker  
  159  11:09  Photon Cannon  
  159  11:10  Photon Cannon  
  161  11:11  Shield Battery  
  161  11:13  Shield Battery  
  161  11:15  Shield Battery  
  161  11:17  Probe x3  
  164  11:21  Pylon  
  164  11:22  Pylon  
  164  11:42  High Templar  
  166  11:53  Stalker x3  
  171  11:55  Zealot  
  171  12:01  Probe x4  
  175  12:03  Stalker  
  175  12:05  High Templar  
  181  12:10  Protoss Ground Weapons Level 3  
  181  12:13  High Templar, Zealot x2  
  187  12:17  Pylon  
  187  12:21  Zealot x4  
  191  12:35  Zealot x4  
  191  12:44  Gateway x2  
  191  12:46  High Templar x2, Gateway  
  191  12:47  Gateway x2, Pylon  
  191  12:50  Zealot x4  
  197  12:53  Archon  
  197  12:57  Colossus  
  176  13:10  Robotics Facility  
  176  13:11  Zealot x6  
  194  13:21  Protoss Ground Armor Level 3  
  194  13:26  Zealot  
  194  13:27  Zealot x3  
  192  13:32  Gateway  
  192  13:33  Zealot x3  
  186  13:50  Stalker x3  
  186  13:52  Colossus  
  182  13:59  Immortal  
  182  14:01  Nexus  
  180  14:12  Zealot x2  
  180  14:13  Zealot x4  
  192  14:17  Stalker x4  
  192  14:23  Colossus  
  184  14:37  Immortal  
  148  14:55  Zealot x15  
  144  15:02  Colossus  
  144  15:06  Observer  
  142  15:08  Stalker  
  144  15:15  High Templar x4  
  144  15:16  Stalker x5  
  144  15:17  Observer  
  144  15:19  Archon  
  168  15:21  Zealot x2  
  168  15:25  Zealot, Stalker  
  177  15:32  Stalker  
  177  15:33  Zealot x2  
  183  15:38  Colossus, Assimilator  
  183  15:39  Assimilator  
  176  15:59  Zealot x10  
  188  16:10  Colossus  
  188  16:11  Stalker x4  
  190  16:20  Zealot x2  
  198  16:36  Archon  
  170  16:43  Colossus  
  170  16:44  Zealot  
  170  16:45  Zealot x12  
  170  16:46  Zealot  
  156  16:57  Colossus  
  138  17:03  Sentry  
  138  17:04  Stalker  
  132  17:14  Zealot x3  
  132  17:15  Zealot x5, Observer  
  153  17:24  High Templar  
  155  17:31  Zealot x4  
  155  17:34  Warp Prism  
  163  17:37  Pylon  
  163  17:41  Stalker x3  
  171  17:47  Stalker x2  
  171  17:50  Protoss Shields Level 1  
  175  17:52  Stalker  
  175  17:53  Stalker x2  
  181  18:02  Zealot  
  182  18:07  High Templar  
  182  18:09  Observer  
  185  18:22  Nexus  
  185  18:31  High Templar  
  185  18:33  Photon Cannon  
  187  18:35  Photon Cannon  
  187  18:36  Photon Cannon, Pylon  
  187  18:37  High Templar  
  187  18:38  Photon Cannon  
  187  18:40  Shield Battery  
  189  18:41  Shield Battery  
  189  18:43  High Templar, Pylon  
  189  18:45  Zealot x4  
  198  18:51  Stalker  
  199  19:00  Colossus  
  187  19:08  Zealot x7  
  181  19:12  Nexus  
  142  19:19  Zealot x4  
  142  19:20  Zealot x2  
  146  19:24  Colossus  
  146  19:26  Shield Battery  
  146  19:27  Probe x3  
  146  19:28  Probe x3  
  152  19:33  Pylon  
  152  19:35  High Templar, Zealot  
  162  19:51  Immortal  
  162  20:03  High Templar x2  
  162  20:04  High Templar  
  162  20:05  Zealot x4  
  162  20:06  Sentry  
  178  20:07  Archon  
  178  20:08  Stalker x2  
  178  20:11  Immortal  
  182  20:15  Zealot  
  188  20:21  High Templar  
  188  20:27  Assimilator  
  190  20:28  Disruptor, Assimilator  
  194  20:37  Zealot x3  
  200  20:49  Archon  
  182  20:58  Disruptor, Archon  
  182  21:01  Zealot x6  
  182  21:02  Colossus  
  156  21:18  Zealot x3, Stalker x2  
  135  21:19  Zealot x5  
  135  21:23  Colossus  
  113  21:32  Zealot x2  
  113  21:33  Zealot x4  
  121  21:41  Sentry x2  
  125  21:49  High Templar x2, Zealot, Stalker  
  133  21:57  Colossus  
  123  22:02  Archon  
  123  22:05  Stalker  
  123  22:06  Stalker x2  
  123  22:07  Zealot x3  
  124  22:19  Zealot x2  
  124  22:20  Zealot x3  
  131  22:26  Stalker x2  
  135  22:32  Observer  
  135  22:34  Stalker x3  
  141  22:40  Zealot x2  
  141  22:42  Stalker  
  131  23:00  Stalker x3  
  131  23:01  Stalker  
  131  23:03  Observer  
  139  23:07  Zealot x2  
  137  23:19  Zealot x4  
  135  23:24  High Templar  
  135  23:25  Stalker  
  135  23:26  Zealot  
  141  23:38  Stalker  
  141  23:39  Stalker  
  141  23:40  Zealot x3  
  90  24:00  Stalker  
  90  24:01  Stalker x3  
  86  24:09  Stalker x2  
Show
View Real Time Build Order
Export as new Build Order

ByuN Terran - Winner!

Build Orders: Cyclone Opening 

Get SALT Encoding   

  12  0:00  SCV  
  13  0:12  SCV  
  14  0:17  Supply Depot  
  14  0:24  SCV  
  15  0:39  SCV  
  15  0:40  Barracks  
  16  0:47  Refinery  
  16  0:51  SCV  
  17  0:57  Refinery  
  17  1:03  SCV  
  18  1:16  SCV  
  19  1:27  Reaper  
  19  1:29  Orbital Command  
  20  1:34  Engineering Bay  
  20  1:47  Factory  
  20  1:55  SCV  
  20  2:00  Supply Depot  
  21  2:08  SCV  
  22  2:20  SCV  
  23  2:26  Command Center  
  23  2:31  Factory Tech Lab  
  23  2:32  SCV  
  24  2:40  Starport  
  25  2:44  SCV  
  25  2:50  Cyclone  
  28  2:56  SCV  
  29  3:01  Supply Depot  
  29  3:08  SCV  
  29  3:10  Barracks Reactor  
  29  3:20  SCV  
  33  3:28  Starport Tech Lab  
  33  3:33  SCV, Siege Tank  
  34  3:41  Hyperflight Rotors  
  34  3:45  SCV  
  34  3:46  Banshee, Marine x2  
  40  3:54  Orbital Command  
  40  3:57  SCV  
  41  4:04  Marine  
  41  4:05  Marine  
  44  4:10  SCV  
  44  4:15  Supply Depot  
  44  4:22  SCV x2, Marine  
  44  4:23  Marine  
  48  4:28  Barracks  
  48  4:30  Banshee  
  51  4:34  Supply Depot  
  51  4:37  SCV x2  
  53  4:44  Siege Tank  
  56  4:49  SCV x2  
  58  4:53  Supply Depot  
  58  4:58  Marine x2  
  60  5:01  SCV x2  
  60  5:05  Engineering Bay  
  60  5:06  Refinery  
  62  5:10  Supply Depot  
  62  5:13  SCV  
  62  5:14  SCV  
  64  5:15  Marine  
  64  5:16  Marine  
  64  5:18  Barracks  
  66  5:23  Supply Depot  
  66  5:25  SCV  
  66  5:26  SCV  
  68  5:31  Terran Infantry Weapons Level 1  
  68  5:34  Marauder  
  70  5:36  Stimpack, Factory Reactor  
  70  5:38  SCV  
  70  5:40  SCV  
  71  5:45  Marine  
  71  5:46  Marine  
  73  5:50  Supply Depot  
  73  5:51  Refinery  
  73  5:54  Starport Reactor  
  73  6:03  Marine x2  
  75  6:12  SCV x2  
  77  6:21  Combat Shield  
  77  6:22  Marauder x2, Marine x2  
  77  6:25  Command Center  
  81  6:31  Widow Mine x2  
  81  6:32  Medivac  
  87  6:33  Medivac  
  87  6:35  SCV x2  
  91  6:41  Marine  
  91  6:42  Marine  
  90  6:47  Barracks  
  90  6:50  Barracks, SCV  
  90  6:51  SCV  
  92  6:59  Marauder x2, Marine  
  97  7:03  SCV x2  
  99  7:09  Supply Depot  
  99  7:10  Medivac  
  99  7:15  Concussive Shells, Medivac, SCV x2  
  105  7:19  Marine x2  
  105  7:20  Marauder  
  109  7:27  SCV  
  110  7:31  Marauder, Widow Mine x2  
  116  7:39  SCV x2  
  116  7:42  Marauder, Barracks Reactor, Marine  
  116  7:43  Barracks Tech Lab, Marine  
  120  7:44  SCV  
  112  7:51  SCV  
  112  7:52  Marauder, Viking x2, SCV  
  112  7:56  SCV  
  110  8:02  Marauder, Marine x2  
  110  8:03  Marauder  
  110  8:04  Widow Mine, SCV x2  
  110  8:05  Widow Mine  
  106  8:12  Orbital Command  
  106  8:16  SCV  
  106  8:18  Marauder  
  105  8:22  Marine  
  105  8:23  Marauder, Marine  
  105  8:24  Marauder, Marine  
  111  8:27  SCV  
  111  8:28  SCV  
  111  8:30  Ghost Academy, Viking  
  111  8:33  Viking  
  113  8:42  Marauder, Marine x2  
  113  8:44  Marauder, Terran Infantry Armor Level 1  
  113  8:46  Marauder  
  121  8:54  SCV x3  
  124  8:59  Refinery  
  124  9:00  Viking, Refinery  
  126  9:03  Viking  
  131  9:10  Supply Depot x2  
  131  9:16  Ghost x2  
  131  9:17  Ghost  
  128  9:21  Marine x2  
  128  9:22  Marine x2, Command Center  
  141  9:31  SCV x3, Armory  
  141  9:33  Engineering Bay  
  144  9:44  Medivac x2  
  148  9:46  Ghost x2  
  148  9:50  Marine x3  
  157  9:55  Supply Depot  
  157  10:01  Supply Depot, Marine, Ghost  
  157  10:03  Supply Depot  
  161  10:09  Barracks x2  
  161  10:21  Medivac x2  
  161  10:23  Barracks  
  161  10:24  Starport, SCV x3  
  161  10:26  Terran Infantry Weapons Level 2  
  168  10:32  Missile Turret  
  168  10:37  Planetary Fortress  
  168  10:39  SCV x3  
  168  10:40  Missile Turret  
  171  10:45  Marauder x3  
  171  10:46  Marine  
  177  10:56  Supply Depot, Viking x2  
  181  10:58  Barracks Tech Lab, Barracks Reactor  
  181  10:59  Barracks Tech Lab  
  181  11:00  Barracks Tech Lab  
  181  11:01  Viking  
  183  11:04  Viking  
  183  11:09  Missile Turret  
  183  11:10  Terran Infantry Armor Level 2  
  185  11:13  Sensor Tower  
  185  11:16  Terran Ship Weapons Level 1  
  185  11:17  Refinery x2  
  187  11:19  Barracks Reactor  
  185  11:26  Marauder x4  
  185  11:29  Marauder, Marine  
  185  11:30  Marine x3  
  199  11:39  Command Center  
  199  11:42  Fusion Core  
  199  11:47  Marine  
  199  11:53  Command Center  
  200  11:54  Command Center  
  194  12:23  Command Center  
  194  12:27  Command Center x2  
  192  12:47  Terran Infantry Weapons Level 3  
  192  12:49  SCV  
  192  12:50  SCV x2  
  188  13:01  Marauder x2  
  189  13:08  Orbital Command  
  189  13:09  Missile Turret  
  189  13:14  Terran Ship Weapons Level 2  
  189  13:20  Missile Turret  
  189  13:22  Missile Turret  
  189  13:33  Marauder x2  
  189  13:34  Marauder, Medivac x2, Orbital Command  
  193  13:39  Orbital Command  
  188  13:42  Missile Turret  
  188  13:48  Medivac x2  
  175  13:49  SCV x2  
  175  13:50  SCV  
  175  13:51  SCV, Ghost x2  
  175  13:54  Ghost x3  
  186  13:59  Terran Infantry Armor Level 3  
  186  14:01  SCV x2  
  179  14:03  Caduceus Reactor, SCV x2  
  179  14:06  SCV x2  
  179  14:09  Personal Cloaking  
  173  14:13  Reaper  
  173  14:15  Marine  
  173  14:16  Marine  
  174  14:19  Ghost x2  
  174  14:22  SCV  
  174  14:23  SCV  
  182  14:28  Ghost  
  182  14:29  Ghost  
  182  14:31  Ghost  
  186  14:36  Medivac  
  184  14:49  Marauder x2  
  160  14:54  Marine x3  
  160  14:58  Marauder x2  
  127  15:00  Marauder  
  127  15:03  Planetary Fortress  
  125  15:08  SCV x2  
  125  15:09  SCV x2  
  125  15:10  Marauder x2, SCV  
  125  15:12  SCV  
  135  15:19  Marauder x2  
  139  15:21  Marauder  
  139  15:23  SCV x2  
  139  15:26  SCV x3  
  139  15:27  SCV  
  147  15:31  Marauder  
  147  15:34  Marauder  
  151  15:41  Marauder x2, Marine x2  
  151  15:42  Marine x2  
  156  15:43  Marauder, Viking x2  
  156  15:47  Viking  
  162  15:53  Marauder  
  162  15:55  Marauder  
  165  15:57  Viking  
  165  16:02  Marauder x2, Marine x2  
  165  16:04  Marauder, Marine x2  
  172  16:13  Viking x2  
  172  16:14  Marauder  
  172  16:16  Marauder  
  172  16:17  Viking  
  182  16:23  Marauder x2  
  185  16:26  Marauder  
  185  16:27  Viking  
  180  16:35  Ghost  
  180  16:37  Ghost  
  148  16:43  Marine  
  148  16:44  Marine, Ghost x2  
  148  16:46  Marine, Ghost  
  117  16:54  Marine  
  117  16:55  SCV  
  117  16:59  Marine x2  
  115  17:03  Ghost  
  115  17:04  SCV  
  115  17:06  Ghost  
  122  17:09  SCV x2  
  122  17:11  SCV  
  122  17:13  Marauder x2  
  131  17:15  Marauder  
  131  17:23  SCV x3  
  131  17:24  SCV  
  131  17:25  Marine x5  
  140  17:32  SCV x2  
  140  17:33  Marauder, SCV  
  140  17:34  Ghost  
  140  17:35  Marauder x2  
  140  17:36  Orbital Command, Ghost  
  155  17:49  Marine x2  
  155  17:50  Marine x2  
  157  17:52  Marine x2  
  157  17:54  Marauder, Terran Ship Weapons Level 3  
  157  17:56  Marauder x2  
  165  18:01  Viking  
  165  18:02  Viking x3  
  165  18:03  Marauder  
  165  18:04  SCV x2  
  165  18:05  Marauder, SCV x2  
  182  18:09  Hi-Sec Auto Tracking  
  182  18:11  Neosteel Armor  
  182  18:15  Marauder  
  182  18:17  Missile Turret  
  182  18:18  Ghost x2  
  187  18:25  Marauder  
  187  18:26  Marine x3  
  192  18:28  Marine x2  
  192  18:30  Marine  
  195  18:38  Viking x2  
  194  19:04  Marauder x2  
  194  19:06  Marauder x2, Marine x2  
  185  19:14  Ghost  
  166  19:20  Viking x2  
  166  19:22  Viking x2  
  165  19:25  Ghost x2, Marine x2  
  165  19:27  Marauder x2, Marine  
  165  19:28  Marine  
  165  19:30  Marine  
  180  19:44  Marauder  
  182  19:48  Marauder, Orbital Command  
  182  19:49  Marauder  
  182  19:50  Marine x2  
  182  19:51  Marine  
  189  19:54  Marauder x2  
  193  20:02  Marine x2  
  193  20:03  Marine  
  193  20:05  Marauder  
  198  20:10  Marauder  
  200  20:23  Sensor Tower  
  200  20:25  Fusion Core  
  200  20:31  Terran Vehicle And Ship Armor Level 1  
  196  21:01  Viking x2  
  189  21:06  Viking x2  
  189  21:08  Marauder x2  
  189  21:09  Ghost x2  
  189  21:11  Marauder, Marine x4  
  149  21:18  Marine  
  149  21:19  Marine  
  135  21:29  Marauder x2, Marine x3  
  135  21:30  Marine  
  135  21:31  Liberator x2  
  135  21:32  Marauder  
  150  21:36  Marine, Liberator x2  
  150  21:37  Marine  
  150  21:38  Marauder x2  
  158  21:43  Advanced Ballistics  
  158  21:46  Marine  
  158  21:47  Marine x2  
  158  21:48  Marine  
  158  21:50  Marauder x2  
  158  21:51  Widow Mine  
  158  21:53  Marauder  
  170  21:54  Marine x2  
  170  22:00  Marauder x2  
  167  22:04  Marine  
  167  22:10  Marine x3  
  167  22:11  Ghost  
  167  22:12  Marauder, Marine x2  
  167  22:14  Ghost, Liberator x2  
  181  22:21  Marauder x2  
  181  22:23  Refinery  
  181  22:33  Marauder  
  181  22:34  Marine x5  
  186  22:40  Marauder, Viking x2  
  186  22:42  Marauder  
  186  22:43  Marauder, Orbital Command  
  186  22:48  SCV x2  
  186  22:51  Ghost  
  182  22:57  Viking x2  
  189  23:10  Viking  
  189  23:19  Marauder x2  
  178  23:20  Marauder x3, Marine x2  
  174  23:38  Medivac x2  
  178  23:44  Viking x2  
  174  23:50  Sensor Tower  
  174  23:51  Marauder x2  
Tags
 
Add a new tag
Caveats
  • Supply blocks, unpowered buildings, or Contaminate may cause inaccurate times.
  • Supply counts are checked every 10 seconds.